 Dungeon Sprint DCSS version 0.22-a0-617-g6d95e9e (webtiles) character file.

1678 Kidiri the Nimble (level 8, 0/93 HPs)
             Began as a Troll Berserker on July 13, 2018.
             Was an Elder of Trog.
             Slain by a hornet (13 damage)
             ... in the Dungeon (Sprint II: "The Violet Keep of Menkaure").
             The game lasted 00:05:52 (732 turns).

Kidiri the Nimble (Troll Berserker)                  Turns: 732, Time: 00:05:52

Health: 0/93       AC:  5    Str: 28    XL:     8   Next: 70%
Magic:  7/7        EV: 14    Int:  1    God:    Trog [****..]
Gold:   261        SH:  0    Dex:  9    Spells: 7/7 levels left

rFire    . . .     SeeInvis .   a - +0 mace
rCold    . . .     Gourm    +   (no shield)
rNeg     . . .     Faith    .   d - +0 robe {MR+}
rPois    .         Spirit   .   (helmet restricted)
rElec    .         Reflect  .   (no cloak)
rCorr    .         Harm     .   (gloves unavailable)
MR       +++..     Rnd*Rage +   (boots unavailable) Stlth +.........NoTele +
                                (no amulet)
HPRegen  1.65/turn              (no ring)
MPRegen  0.10/turn              (no ring)

@: lethally poisoned (0 -> 0), berserk cooldown, regenerating, slowed, very slow
A: large, unfitting armour, claws 3, berserk 1, dopey 1, fast metabolism 3,
gourmand, regeneration 1, shaggy fur 1, tough skin 2, subdued magic 1
a: Berserk, Trog's Hand, Brothers in Arms, Renounce Religion


You were in the Dungeon.
You worshipped Trog.
Trog was greatly pleased with you.
You were hungry.

You visited 1 branch You collected 972 gold pieces.
You spent 711 gold pieces at shops.

Inventory:

Hand Weapons
 a - a +0 mace (weapon)
Armour
 d - a +0 robe of magic resistance (worn)
Scrolls
 i - a scroll of blinking
Potions
 f - a potion of haste
 g - 2 potions of magic
 h - a potion of berserk rage
Comestibles
 c - 9 rations


   Skills:
 * Level 9.9 Fighting
 + Level 7.7 Maces & Flails
 + Level 6.6 Armour
 * Level 10.0 Dodging


You had 7 spell levels left.
You didn't know any spells.
Your spell library was empty.

Dungeon Overview and Level Annotations

Branches:
Dungeon (1/1)

Altars:
Cheibriados
Dithmenos
Elyvilon
Fedhas
Gozag
Kikubaaqudgha
Makhleb
Nemelex Xobeh
Okawaru
Sif Muna
Trog
Uskayaw
Vehumet
Zin
Beogh
Jiyva
Lugonu

Shops:
D }?:(%[=!?[(:}!=

Annotations:
D exclusions: 6 doors, obsidian statue and oklob plant


Innate Abilities, Weirdness & Mutations

You are too large for most types of armour.
You have claws for hands.
Your metabolism is lightning-fast.
You like to eat raw meat.
Your natural rate of healing is unusually fast.
You are covered in fur. (AC +1)
You have very tough skin. (AC +2)
You tend to lose your temper in combat.
You are dopey. (Int -2)
Your spells are a little easier to cast, but a little less powerful.


Message History

* * * LOW HITPOINT WARNING * * *
You feel as though you will be slow longer.
Okay, then.
Unknown command.
You closely miss the hornet.
The hornet is almost dead.
You feel sick. The hornet stings you.
* * * LOW HITPOINT WARNING * * *
You feel as though you will be slow longer.
The hornet stings you but does no damage.
The hornet stings you!
* * * LOW HITPOINT WARNING * * *
You feel as though you will be slow longer.
Your skin crawls.
You feel resistant to hostile enchantments.
You are feeling hungry.
You feel sick. The hornet closely misses you. The hornet barely misses you.
You fail to use your ability.
You feel sick. The hornet closely misses you. The hornet stings you!
You die...

.....# +##..# #.
..##.#### +.###
#..#....# ...# ##
).####..## #..# $#
'###.##..# +..# .#
.##...#..# #^.# c#
<.+##.+..####..##y#
.##.###....###..@##▓▓▓
+###.##......≈≈≈≈≈≈≈≈≈≈≈
######≈≈§....≈#+########
#..#≈≈≈≈≈≈≈.§≈#....._._#
..##≈≈≈≈≈≈≈≈§≈#...._._.#
+##≈≈≈§§§§§≈≈≈#..._._._#
≈≈≈≈≈≈≈§§≈≈≈≈§#.._._._.#
#+++#≈§§≈§≈≈≈≈#._._._._#
§≈≈≈##≈≈≈###§≈#_._._.


You could see a yaktaur and a hornet.

Vanquished Creatures
  A merfolk siren (D)
  2 polar bears (D)
  2 hippogriffs (D)
  4 neqoxecs (D)
  2 crocodiles (D)
  3 worms (D)
14 creatures vanquished.

Vanquished Creatures (collateral kills)
  A hell rat (D)
1 creature vanquished.

Vanquished Creatures (others)
  Menkaure (D)
1 creature vanquished.

Grand Total: 16 creatures vanquished

Notes
Turn   | Place    | Note
-------+----------+-------------------------------------------
     0 | D        | Kidiri the Troll Berserker began the quest for the Orb.
     0 | D        | Reached XP level 1. HP: 22/22 MP: 0/0
     1 | D        | Noticed a merfolk siren
    11 | D        | Killed a merfolk siren
    11 | D        | Reached skill level 5 in Maces & Flails
    11 | D        | Reached skill level 7 in Dodging
    11 | D        | Reached XP level 2. HP: 30/40 MP: 1/1
    11 | D        | Reached XP level 3. HP: 35/46 MP: 2/2
    11 | D        | Reached XP level 4. HP: 42/55 MP: 3/3
    11 | D        | Reached XP level 5. HP: 47/62 MP: 4/4
    11 | D        | Reached XP level 6. HP: 54/71 MP: 5/5
    25 | D        | Killed Menkaure
    62 | D        | Noticed a hippogriff
    62 | D        | Noticed a hippogriff
    68 | D        | Killed a hippogriff
    68 | D        | Reached ** piety under Trog
    68 | D        | Reached XP level 7. HP: 79/79 MP: 6/6
    75 | D        | Killed a hippogriff
    75 | D        | Reached skill level 5 in Armour
    75 | D        | Reached skill level 8 in Dodging
   145 | D        | Reached *** piety under Trog
   183 | D        | Noticed a neqoxec
   184 | D        | Noticed a neqoxec
   191 | D        | Gained mutation: Your spells are a little easier to cast, but a little less powerful. [a neqoxec]
   192 | D        | Killed a neqoxec
   199 | D        | Killed a neqoxec
   199 | D        | Reached skill level 9 in Dodging
   226 | D        | Noticed an orange crystal statue
   228 | D        | Noticed a neqoxec
   232 | D        | Gained mutation: You tend to lose your temper in combat. [mutagenic glow]
   237 | D        | Killed a neqoxec
   237 | D        | Reached XP level 8. HP: 92/92 MP: 7/7
   305 | D        | Gained mutation: You are dopey. (Int -2) [mutagenic glow]
   347 | D        | Reached **** piety under Trog
   444 | D        | Noticed an obsidian statue
   515 | D        | Found Iryawk's Distillery.
   515 | D        | Found Yvotudos's Jewellery Shop.
   516 | D        | Found Ameimimm's Book Boutique.
   516 | D        | Found Xota's Gadget Shop.
   558 | D        | Found Kiash's Antique Weapon Shop.
   559 | D        | Found Juhoeff's Antique Armour Boutique.
   559 | D        | Found Azeajeh's Food Boutique.
   569 | D        | Found Ydo Qothuorch's Magic Scroll Boutique.
   569 | D        | Found Ychuisch's Distillery.
   579 | D        | Found Vessoan's Jewellery Shop.
   579 | D        | Found Siulev's Antique Armour Boutique.
   584 | D        | Found Nulan's Food Boutique.
   584 | D        | Found Rellohote's Weapon Shop.
   584 | D        | Noticed an oklob plant
   585 | D        | Found Apnan's Magic Scroll Shop.
   585 | D        | Found Heh Liga's Book Shoppe.
   585 | D        | Found Taxzio's Gadget Boutique.
   586 | D        | Noticed an ice dragon
   619 | D        | Noticed a spiny frog
   619 | D        | Noticed a spiny frog
   624 | D        | Bought a ration for 70 gold pieces
   624 | D        | Bought a ration for 70 gold pieces
   624 | D        | Bought a ration for 70 gold pieces
   624 | D        | Bought a ration for 70 gold pieces
   624 | D        | Bought a ration for 70 gold pieces
   624 | D        | Bought a ration for 70 gold pieces
   624 | D        | Bought a ration for 70 gold pieces
   624 | D        | Bought a ration for 70 gold pieces
   624 | D        | Bought a ration for 70 gold pieces
   639 | D        | Bought an embroidered robe for 81 gold pieces
   700 | D        | Found a snail-covered altar of Cheibriados.
   701 | D        | Found a shadowy altar of Dithmenos.
   702 | D        | Found a white marble altar of Elyvilon.
   702 | D        | Found an ancient bone altar of Kikubaaqudgha.
   702 | D        | Found a roughly hewn altar of Beogh.
   702 | D        | Found a viscous altar of Jiyva.
   703 | D        | Found a blossoming altar of Fedhas.
   703 | D        | Found a corrupted altar of Lugonu.
   703 | D        | Found a deep blue altar of Sif Muna.
   704 | D        | Found an opulent altar of Gozag.
   704 | D        | Found a burning altar of Makhleb.
   704 | D        | Found a bloodstained altar of Trog.
   705 | D        | Found a sparkling altar of Nemelex Xobeh.
   705 | D        | Found a hide-covered altar of Uskayaw.
   706 | D        | Found an iron altar of Okawaru.
   706 | D        | Found a radiant altar of Vehumet.
   706 | D        | Found a glowing silver altar of Zin.
   707 | D        | Noticed a yaktaur
   707 | D        | Noticed a hornet
   707 | D        | Noticed a polar bear
   707 | D        | Noticed a polar bear
   713 | D        | Killed a polar bear
   719 | D        | Killed a polar bear
   719 | D        | Reached skill level 10 in Dodging
   732 | D        | Slain by a hornet

Vault maps used:
D:        the_violet_keep_of_menkaure

Skill      XL: |  1  2  3  4  5  6  7  8 |
---------------+-------------------------+-----
Fighting       | 7 9 |  9.9
Maces & Flails | 5 6 7 |  7.7
Armour         | 4 5 6 |  6.6
Dodging        | 7 9 10 | 10.0

Action                   |  1- 3 |  4- 6 |  7- 9 || total
-------------------------+-------+-------+-------++-------
Melee: Mace              |     8 |     5 |    99 ||   112
Invok: Berserk           |     1 |     1 |     5 ||     7
       Trog's Hand       |       |       |     1 ||     1
       Brothers in Arms  |       |       |     1 ||     1
  Use: Potion            |       |       |     2 ||     2
  Eat: Chunk             |       |       |     4 ||     4
       Ration            |       |       |     2 ||     2
Armor: Animal skin       |       |     1 |     7 ||     8
       Robe              |       |       |     3 ||     3
Dodge: Dodged            |     4 |     5 |    51 ||    60

Table legend:
 A = Spawn XP
 B = Non-spawn XP
 C = Spawn XP percentage of total XP
 D = Spawn monster count
 E = Non-spawn monster count
 F = Spawn count percentage of total count
 G = Total turns spent on level
                    A         B        C        D         E        F      G
               +---------+---------+-------+---------+---------+-------+---------
         Total |       0 |    2398 |   0.0 |       0 |      15 |   0.0 |   732
               +---------+---------+-------+---------+---------+-------+---------
             D |       0 |    2398 |   0.0 |       0 |      15 |   0.0 |   732
               +---------+---------+-------+---------+---------+-------+---------
